 Dungeon Crawl Stone Soup version 0.26-a0-104-gef3e9dd (webtiles) character file.

Game seed: 11392446396073963013

21 Bapo the Shooter (level 2, -6/23 HPs)
             Began as a Centaur Arcane Marksman on June 22, 2020.
             Mangled by Terence
             ... wielding a +2 falchion of electrocution
              (17 damage)
             ... on level 2 of the Dungeon.
             The game lasted 00:02:31 (1159 turns).

Bapo the Shooter (Centaur Arcane Marksman)          Turns: 1159, Time: 00:02:32

Health: -6/23      AC:  5    Str: 12    XL:     2   Next: 65%
Magic:  3/3        EV:  9    Int: 12    God:
Gold:   61         SH:  0    Dex:  9    Spells: 2/3 levels left

rFire    . . .     SeeInvis .   a - +0 shortbow
rCold    . . .     Gourm    .   (shield currently unavailable)
rNeg     + . .     Faith    .   e - +0 robe
rPois    .         Spirit   .   (no helmet)
rElec    .         Reflect  .   (no cloak)
rCorr    .         Harm     .   i - +0 pair of gloves
MR       .....                  (no barding)
Stlth    +.........             (no amulet)
HPRegen  0.07/turn              b - ring of positive energy
MPRegen  0.08/turn              (no ring)

@: very quick
A: large, hooves 3, deformed body, speed 2, tough skin 3
a: no special abilities


You were on level 2 of the Dungeon.
You were not hungry.

You visited 1 branch of the dungeon, and saw 2 of its levels.

You collected 61 gold pieces.

Inventory:

Hand Weapons
 a - a +0 shortbow (weapon)
Missiles
 d - 10 arrows (quivered)
Armour
 e - a +0 robe (worn)
 i - a +0 pair of gloves (worn)
Jewellery
 b - a ring of positive energy (left hand)
Scrolls
 c - 2 scrolls of identify {unknown}
 g - a scroll of blinking {unknown}
 h - a scroll of amnesia {unknown}
 j - a scroll of fear {unknown}
 l - a scroll of remove curse {unknown}
Potions
 k - a potion of curing {unknown}
Comestibles
 f - 3 rations


   Skills:
 - Level 1.0 Fighting
 * Level 4.4 Bows
 - Level 1.3 Dodging
 - Level 1.0 Spellcasting
 - Level 2.6 Hexes


You had 2 spell levels left.
You knew the following spells:

 Your Spells              Type           Power        Failure   Level  Hunger
a - Corona                Hex            #......      10%         1    ##.....

Your spell library contained the following spells:

 Spells                   Type           Power        Failure   Level  Hunger
 Slow                     Hex            #.......     16%         2    ###....
 Inner Flame              Hex/Fire       #.......     45%         3    ####...
 Portal Projectile        Hex/Tloc       #.....       45%         3    ####...
 Cause Fear               Hex            #.........   69%         4    #####..
 Leda's Liquefaction      Hex/Erth       #.........   86%         4    #####..


Dungeon Overview and Level Annotations

Branches:
Dungeon (2/15)

Altars:
Makhleb
Xom

Annotations:
D:2 Terence


Innate Abilities, Weirdness & Mutations

You have hooves in place of feet.
Armour fits poorly on your strangely shaped body.
You cover ground very quickly.
You have extremely tough skin. (AC +3)


Message History

Terence barely misses you.
Firing (i - inventory)
d - 13 arrows (quivered)
Press: ? - help, Shift-Dir - straight line, f/p - Terence
Aim: Terence, wielding a +2 falchion of electrocution and wearing a +0 scale mail (moderately wounded)
You shoot an arrow. The arrow barely misses Terence.
Terence closely misses you.
Firing (i - inventory)
d - 12 arrows (quivered)
Press: ? - help, Shift-Dir - straight line, f/p - Terence
Aim: Terence, wielding a +2 falchion of electrocution and wearing a +0 scale mail (moderately wounded)
You shoot an arrow. The arrow barely misses Terence.
Terence says, "Rest in peace."
Terence misses you.
Firing (i - inventory)
d - 11 arrows (quivered)
Press: ? - help, Shift-Dir - straight line, f/p - Terence
Aim: Terence, wielding a +2 falchion of electrocution and wearing a +0 scale mail (moderately wounded)
You shoot an arrow. The arrow hits Terence.
Terence is moderately wounded.
Terence hits you but does no damage.
You are electrocuted!
Ouch! That really hurt!
You die...

###.####.<# # #.
#...).##..# .###.
#####.....##..## # ....
................ #.##!.
..............##
......######.....##....
#.##...##..............
#..(.#....####.........
#(@@#### ####.#....
##.## #.#.... #.
###'###.# #.
###.....### ..
##.........# ##
#..⌠.....⌠..
#.....⌠.....
##._.###._.# #####
#####


You could see Terence.

Vanquished Creatures
  An ooze (D:1)
  A leopard gecko (D:1)
  A bat (D:1)
  A giant cockroach (D:1)
  A goblin (D:1)
  A hobgoblin (D:1)
  2 kobolds (D:1)
  2 ball pythons (D:1)
  A frilled lizard (D:1)
  6 rats (D:1)
17 creatures vanquished.

Notes
Turn   | Place    | Note
-------+----------+-------------------------------------------
     0 | D:1      | Bapo the Centaur Arcane Marksman began the quest for the
                  | Orb.
     0 | D:1      | Reached XP level 1. HP: 16/16 MP: 2/2
    34 | D:1      | Reached skill level 3 in Bows
   164 | D:1      | Reached skill level 4 in Bows
   164 | D:1      | Reached XP level 2. HP: 16/23 MP: 3/3
  1119 | D:2      | Found a burning altar of Makhleb.
  1119 | D:2      | Found a shimmering altar of Xom.
  1153 | D:2      | Noticed Terence
  1159 | D:2      | Mangled by Terence

Illustrated notes

Levels and vault maps discovered:
D:1:      grunt_arrival_lava_bath, layout_rooms, serial_co_window_serial,
          co_window_paths_a, co_window_paths_a, co_window_of_opportunity_a,
          co_window_of_opportunity_a, co_window_corner_a, co_window_corner_b,
          co_window_broadway_b, co_window_corner_b, co_window_broadway_a,
          co_window_of_opportunity_b, co_window_paths_d, co_window_paths_e,
          glass_columns_a, glass_columns_c, glass_columns_c
D:2:      layout_loops_ring, gammafunk_temple_overflow_pools,
          nemelex_xobeh_ov_fountains_minmay, first_ration, uniq_sigmund,
          uniq_robin, uniq_terence

Skill      XL: |  1 |
---------------+----+-----
Bows           | 4 |  4.4
Fighting       | |  1.0
Dodging        | |  1.3
Spellcasting   | |  1.0
Hexes          | |  2.6

Action                   || total
-------------------------++-------
 Fire: Shortbow          ||    56
Armor: Robe              ||     9
Dodge: Dodged            ||    15

Table legend:
 A = Non-vault XP
 B = Vault XP
 C = Vault XP percentage of total XP
 D = Non-vault monster count
 E = Vault monster count
 F = Vault count percentage of total count
                 A         B        C        D         E       F
            +---------+---------+-------+---------+---------+-------
      Total |      31 |       0 |   0.0 |      17 |       0 |   0.0
            +---------+---------+-------+---------+---------+-------
        D:1 |      31 |       0 |   0.0 |      17 |       0 |   0.0
            +---------+---------+-------+---------+---------+-------
